 Dungeon Crawl Stone Soup version 0.19.5 (webtiles) character file.

16934 tognito the Fighter (level 12, -4/174 HPs)
             Began as a Minotaur Berserker on Mar 28, 2017.
             Was a High Priest of Trog.
             Slain by a hill giant
             ... wielding a +0 giant club
              (21 damage)
             ... on level 12 of the Dungeon.
             The game lasted 00:26:00 (10711 turns).

tognito the Fighter (Minotaur Berserker)           Turns: 10711, Time: 00:26:01

Health: -4/174     AC: 20    Str: 32    XL:     12   Next: 14%
Magic:  3/3        EV: 13    Int:  9    God:    Trog [*****.]
Gold:   879        SH:  0    Dex: 14    Spells: 0 memorised, 11 levels left

rFire  . . .     SeeInvis .     a - +2 broad axe (antimagic)
rCold  . . .     Gourm    .     U - +3 plate armour {rN+}
rNeg   + . .     Faith    +     (no shield)
rPois  .         Spirit   .     (helmet restricted)
rElec  .         Reflect  .     K - +0 cloak
rCorr  .         Harm     .     (no gloves)
MR     .....     Rnd*Rage +     z - +0 pair of boots
Stlth  ..........               l - amulet of faith
                                x - ring of flight
                                n - +5 ring of intelligence

@: berserking, very quick
A: retaliatory headbutt, horns 2, agile 1, berserk 1, strong 1
a: Berserk, Trog's Hand, Brothers in Arms, Burn Spellbooks, Renounce Religion,
Evoke Flight


You were on level 12 of the Dungeon.
You worshipped Trog.
Trog was extremely pleased with you.
You were near starving.

You visited 1 branch of the dungeon, and saw 12 of its levels.
You also visited: Ossuary.

You collected 879 gold pieces.

Inventory:

Hand Weapons
 a - a +2 antimagic broad axe (weapon)
 b - a +0 shortbow
 P - a +6 hand axe of freezing
 V - a +0 battleaxe
Missiles
 f - 196 arrows
 u - 117 bolts
Armour
 z - a +0 pair of boots (worn)
 K - a +0 cloak (worn)
 U - a +3 plate armour of positive energy (worn)
Jewellery
 l - an amulet of faith (around neck)
 n - a +5 ring of intelligence (left hand)
 x - a ring of flight (right hand)
 L - an uncursed ring of ice
Wands
 m - a wand of polymorph (9/24)
 q - a wand of paralysis (8/24)
 C - a wand of iceblast (8/15)
 G - a wand of slowing (39/48)
 S - a wand of iceblast (7/15)
 T - a wand of slowing (31/48)
 W - a wand of acid (7/15)
Scrolls
 d - 3 scrolls of immolation {unknown}
 e - 4 scrolls of random uselessness {unknown}
 g - 10 scrolls of identify {unknown}
 h - 2 scrolls of enchant weapon {unknown}
 j - 7 scrolls of remove curse {unknown}
 r - 4 scrolls of magic mapping {unknown}
 t - a scroll of recharging {unknown}
 v - 2 scrolls of enchant armour {unknown}
 y - 2 scrolls of amnesia {unknown}
 A - a scroll of fear {unknown}
 E - 2 scrolls of blinking {unknown}
 F - 4 scrolls of fog {unknown}
 I - a scroll of acquirement {unknown}
 J - 2 scrolls of noise {unknown}
 Q - a scroll of teleportation {unknown}
Potions
 k - a potion of invisibility
 o - 3 potions of agility
 s - 9 potions of curing
 B - a potion of cancellation
 D - a potion of heal wounds
 H - 2 potions of might
 M - 4 potions of cure mutation {unknown}
Miscellaneous
 R - a crystal ball of energy
Comestibles
 c - 5 bread rations
 i - 5 fruits
 p - 5 meat rations
 w - 3 slices of pizza
 N - 9 royal jellies
 O - 6 beef jerkies


   Skills:
 * Level 13.9 Fighting
 * Level 13.8 Axes
 + Level 10.1 Armour
 + Level 9.0 Dodging


You had 11 spell levels left.
You didn't know any spells.

Dungeon Overview and Level Annotations

Branches:
Dungeon (12/15)            Temple (0/1) D:7            Lair (0/6) D:9
    Orc (0/2) D:11

Altars:
Cheibriados
Dithmenos
Fedhas
Hepliaklqana
Kikubaaqudgha
Okawaru
Qazlal
Ru
Trog
Uskayaw
Vehumet
Xom
Zin
The Shining One

Shops:
D:5 }   D:11 [(


Innate Abilities, Weirdness & Mutations

You reflexively headbutt those who attack you in melee.
You have a pair of horns on your head.
You are agile. (Dex +2)
You tend to lose your temper in combat.
Your muscles are strong. (Str +2)


Message History

a - a +2 antimagic broad axe (weapon)
The hill giant hits you with a giant club!
You slash the hill giant!
The hill giant is moderately wounded.
You hit the hill giant.
The hill giant is moderately wounded.
The hill giant hits you with a giant club!
* * * LOW HITPOINT WARNING * * *
You hit the hill giant.
You headbutt the hill giant, but do no damage.
The hill giant is moderately wounded.
The hill giant hits you with a giant club!
* * * LOW HITPOINT WARNING * * *
A red film seems to cover your vision as you go berserk!
You feel yourself moving faster!
You feel mighty!
You are near starving!
You barely miss the hill giant. You headbutt the hill giant.
The hill giant is moderately wounded.
The hill giant hits you with a giant club!!
You die...

#.##..........
##.........#### .#
...###.....# .#
###.....#### ?#
##<....####### .##
#............. Z.
#......###### F#
#......#########C#
...#####>.......@.#
.........##########
##########


You could see a hill giant, a bullfrog and a centaur warrior zombie.

Vanquished Creatures
  The ghost of MirrMurr the Grappler, a journeyman TrAM of Makhleb (D:10)
  Fannar (D:11)
  A hydra (D:12)
  Erica (D:8)
  The ghost of BunnyWarlock the Spear-Bearer, a novice HOFi of Makhleb (D:8)
  A wizard (D:11)
  Pikel (D:6)
  3 hill giants
  An ugly thing (D:11)
  2 cyclopes
  Maurice (D:10)
  A gargoyle (D:9)
  3 trolls
  Grinder (D:4)
  2 hippogriffs (D:9)
  Sigmund (D:2)
  A shadow (D:12)
  7 yaks
  A wyvern (D:12)
  Edmund (D:4)
  2 soldier ants (D:8)
  A water moccasin (D:4)
  2 ice beasts
  3 sky beasts
  6 orc warriors
  A slave (D:6)
  2 phantoms (D:4)
  A necrophage (D:5)
  5 ogres
  4 centaurs
  3 big kobolds
  7 bullfrogs
  5 scorpions
  12 wights
  2 howler monkeys
  7 crimson imps
  3 centaur zombies
  A quasit (D:7)
  5 bullfrog zombies
  3 hounds
  3 jellies
  7 orc wizards
  An orc priest (D:6)
  3 centaur skeletons
  A gnoll shaman (D:10)
  Jessica (D:2)
  3 iguanas
  Terence (D:2)
  16 worker ants
  3 mummies (Ossuary)
  2 hound skeletons
  A howler monkey zombie (D:9)
  A worker ant zombie (D:5)
  Robin (D:2)
  5 gnolls (D:10)
  8 adders
  5 shadow imps
  An ooze (D:2)
  An adder zombie (D:8)
  6 worms
  A dart slug (D:1)
  4 leopard geckos
  30 orcs
  6 giant cockroaches
  13 goblins
  12 hobgoblins
  9 jackals
  29 kobolds
  2 quokkas (D:5)
  2 ball pythons
  5 bats
  5 frilled lizards
  2 gnoll zombies (Ossuary)
  3 hobgoblin zombies (Ossuary)
  A leopard gecko skeleton (D:6)
  An orc zombie (Ossuary)
  2 quokka skeletons
  4 rats
308 creatures vanquished.

Vanquished Creatures (collateral kills)
  A hydra (D:11)
  A centaur warrior (D:11)
  An ice beast (D:11)
3 creatures vanquished.

Vanquished Creatures (others)
  An ogre (D:6)
  An adder (D:6)
  A shadow imp (D:6)
  A giant cockroach (D:6)
4 creatures vanquished.

Grand Total: 315 creatures vanquished

Notes
Turn   | Place    | Note
-------+----------+-------------------------------------------
     0 | D:1      | tognito the Minotaur Berserker began the quest for the Orb.
     0 | D:1      | Reached XP level 1. HP: 19/19 MP: 0/0
   243 | D:1      | Reached XP level 2. HP: 25/27 MP: 1/1
   780 | D:2      | Noticed Robin
   784 | D:2      | Reached XP level 3. HP: 33/33 MP: 2/2
   791 | D:2      | Killed Robin
   856 | D:2      | Found a hazy altar of Hepliaklqana.
   856 | D:2      | Found a faded altar of an unknown god.
   861 | D:2      | Found a glowing silver altar of Zin.
   863 | D:2      | Found a faded altar of an unknown god.
   864 | D:2      | Found a radiant altar of Vehumet.
  1067 | D:2      | Noticed Jessica
  1070 | D:2      | Killed Jessica
  1070 | D:2      | Reached XP level 4. HP: 30/41 MP: 3/3
  1228 | D:2      | Reached ** piety under Trog
  1322 | D:2      | Noticed Sigmund
  1333 | D:2      | Killed Sigmund
  1333 | D:2      | Reached skill level 5 in Fighting
  1333 | D:2      | Reached skill level 5 in Axes
  1333 | D:2      | Reached XP level 5. HP: 19/49 MP: 4/4
  1553 | D:2      | Noticed Terence
  1564 | D:2      | Killed Terence
  1564 | D:2      | Reached XP level 6. HP: 21/57 MP: 5/5
  2104 | D:3      | Paralysed by a kobold for 5 turns
  2332 | D:3      | Found a bloodstained altar of Trog.
  2602 | D:4      | Reached XP level 7. HP: 52/64 MP: 6/6
  2634 | D:4      | Found a stormy altar of Qazlal.
  2697 | D:4      | Noticed Grinder
  2700 | D:4      | Paralysed by Grinder for 2 turns
  2705 | D:4      | Killed Grinder
  3069 | D:4      | Noticed Edmund
  3078 | D:4      | Killed Edmund
  3078 | D:4      | Reached skill level 5 in Armour
  3078 | D:4      | Reached XP level 8. HP: 52/73 MP: 7/7
  3088 | D:4      | Reached *** piety under Trog
  3148 | D:4      | Found a shimmering altar of Xom.
  3150 | D:4      | Found a sacrificial altar of Ru.
  3150 | D:4      | Found a blossoming altar of Fedhas.
  3152 | D:4      | Found an ancient bone altar of Kikubaaqudgha.
  3152 | D:4      | Found a hazy altar of Hepliaklqana.
  3152 | D:4      | Found a blossoming altar of Fedhas.
  3319 | D:5      | Entered Level 5 of the Dungeon
  3559 | D:5      | Found Zezucav's Gadget Emporium.
  3582 | D:5      | Found a bloodstained altar of Trog.
  3708 | D:5      | Reached skill level 5 in Dodging
  3709 | D:5      | Found a glowing golden altar of the Shining One.
  4001 | D:6      | Found a sand-covered staircase.
  4006 | Ossuary  | Entered an ossuary
  4094 | Ossuary  | Reached **** piety under Trog
  4337 | D:6      | Gained mutation: You are agile. (Dex +2) [potion of mutation]
  4337 | D:6      | Gained mutation: You tend to lose your temper in combat. [potion of mutation]
  4337 | D:6      | Gained mutation: Your muscles are strong. (Str +2) [potion of mutation]
  4402 | D:6      | Noticed Pikel
  4422 | D:6      | Killed Pikel
  4422 | D:6      | Reached XP level 9. HP: 26/84 MP: 8/8
  4702 | D:6      | Found a hide-covered altar of Uskayaw.
  4899 | D:6      | Found a snail-covered altar of Cheibriados.
  5192 | D:7      | Reached skill level 10 in Fighting
  5511 | D:7      | Found a shadowy altar of Dithmenos.
  5667 | D:7      | Reached skill level 10 in Axes
  5870 | D:7      | Found a staircase to the Ecumenical Temple.
  6011 | D:8      | Reached ***** piety under Trog
  6050 | D:8      | Noticed BunnyWarlock's ghost (novice HOFi)
  6067 | D:8      | Killed BunnyWarlock's ghost
  6067 | D:8      | Reached XP level 10. HP: 68/94 MP: 9/9
  6275 | D:8      | Noticed Erica
  6285 | D:8      | Killed Erica
  7230 | D:9      | Noticed a gargoyle
  7240 | D:9      | Killed a gargoyle
  7240 | D:9      | Received a gift from Trog
  7281 | D:9      | Found a staircase to the Lair.
  7438 | D:9      | Found an iron altar of Okawaru.
  7868 | D:10     | Entered Level 10 of the Dungeon
  7868 | D:10     | Noticed MirrMurr's ghost (journeyman TrAM)
  7876 | D:10     | Noticed Maurice
  7882 | D:10     | Killed MirrMurr's ghost
  7882 | D:10     | Reached XP level 11. HP: 104/104 MP: 10/10
  7885 | D:10     | Killed Maurice
  8096 | D:10     | Noticed a hill giant
  8102 | D:10     | Killed a hill giant
  8591 | D:11     | Noticed Fannar
  8609 | D:11     | Killed Fannar
  8679 | D:11     | Received a gift from Trog
  8894 | D:11     | Found Qyub's Armour Emporium.
  8894 | D:11     | Found a staircase to the Orcish Mines.
  8894 | D:11     | Found Ufuxufozxi's Weapon Emporium.
  8908 | D:11     | Noticed a purple ugly thing
  8919 | D:11     | Killed a purple ugly thing
  9490 | D:11     | Reached ****** piety under Trog
  9573 | D:11     | Noticed a wizard
  9585 | D:11     | Killed a wizard
  9808 | D:11     | Received a gift from Trog
  9831 | D:11     | Noticed an eight-headed hydra
  9831 | D:11     | Noticed a centaur warrior
  9839 | D:11     | Killed a centaur warrior
  9843 | D:11     | Killed an 11-headed hydra
 10210 | D:12     | Noticed a hill giant
 10221 | D:12     | Killed a hill giant
 10226 | D:12     | Noticed a six-headed hydra
 10234 | D:12     | Killed a six-headed hydra
 10234 | D:12     | Reached skill level 10 in Armour
 10234 | D:12     | Reached XP level 12. HP: 39/116 MP: 4/11
 10711 | D:12     | Slain by a hill giant

Skill      XL: |  1  2  3  4  5  6  7  8  9 10 11 12 |
---------------+-------------------------------------+-----
Fighting       | 4 5 6 7 9 10 12 13 | 13.9
Axes           | 4 5 6 7 9 10 12 13 | 13.8
Armour         | 3 4 5 6 7 8 10 | 10.1
Dodging        | 3 4 5 6 7 8 9 |  9.0

Action                   |  1- 3 |  4- 6 |  7- 9 | 10-12 || total
-------------------------+-------+-------+-------+-------++-------
Melee: Hand axe          |    54 |    37 |       |       ||    91
       Headbutt          |    11 |    21 |    50 |    74 ||   156
       War axe           |       |    40 |   243 |   163 ||   446
       Broad axe         |       |       |       |   126 ||   126
       Battleaxe         |       |       |       |    23 ||    23
 Fire: Shortbow          |       |       |    58 |   167 ||   225
Invok: Berserk           |     1 |     1 |     2 |     3 ||     7
       Burn Spellbooks   |       |       |     1 |     1 ||     2
       Brothers in Arms  |       |       |       |     1 ||     1
  Use: Potion            |     3 |     3 |     4 |     2 ||    12
 Stab: Sleeping          |     1 |       |       |       ||     1
  Eat: Chunk             |     2 |     5 |    10 |    17 ||    34
       Fruit             |       |       |     2 |     1 ||     3
Armor: Animal skin       |     8 |     1 |       |       ||     9
       Scale mail        |       |    17 |    58 |       ||    75
       Plate armour      |       |       |    20 |   202 ||   222
Dodge: Dodged            |    30 |    50 |   110 |   207 ||   397
